 Dungeon Crawl Stone Soup version 0.19.4 (webtiles) character file.

87 Raymar the Magician (level 4, -4/27 HPs)
             Began as a High Elf Wizard on Feb 5, 2017.
             Was an Initiate of Sif Muna.
             Killed by nerve-wracking pain
             ... invoked by emsyzz's ghost
              (13 damage)
             ... on level 3 of the Dungeon.
             The game lasted 00:09:59 (2578 turns).

Raymar the Magician (High Elf Wizard)               Turns: 2578, Time: 00:10:00

Health: -4/27      AC:  2    Str:  6    XL:     4   Next: 28%
Magic:  5/11       EV: 13    Int: 21    God:    Sif Muna [......]
Gold:   75         SH:  0    Dex: 15    Spells: 4 memorised, 4 levels left

rFire  . . .     SeeInvis .     (no weapon)
rCold  . . .     Gourm    .     a - +0 robe
rNeg   . . .     Faith    .     (no shield)
rPois  .         Spirit   .     b - +0 hat
rElec  .         Reflect  .     (no cloak)
rCorr  .         Harm     .     (no gloves)
MR     .....                    (no boots)
Stlth  ++........               (no amulet)
                                (no ring)
                                e - ring of flight

@: no status effects
A: no striking features
a: Renounce Religion, Evoke Flight


You were on level 3 of the Dungeon.
You worshipped Sif Muna.
Sif Muna was noncommittal.
You were very full.

You visited 1 branch of the dungeon, and saw 3 of its levels.

You collected 75 gold pieces.

Inventory:

Armour
 a - a +0 robe (worn)
 b - a +0 hat (worn)
Jewellery
 e - a ring of flight (left hand)
Potions
 f - a potion of cure mutation
Books
 c - a book of Minor Magic

   Spells                             Type                      Level
   a - Magic Dart                     Conjuration                  1
   b - Blink                          Translocation                2
   c - Call Imp                       Summoning                    2
   d - Repel Missiles                 Charms/Air                   2
   e - Slow                           Hexes                        2
   f - Conjure Flame                  Conjuration/Fire             3
   g - Mephitic Cloud                 Conjuration/Poison/Air       3
Comestibles
 i - a royal jelly


   Skills:
 + Level 2.9 Dodging
 + Level 2.6 Stealth
 + Level 4.8 Spellcasting
 + Level 2.0 Conjurations
 + Level 1.1 Summonings
 + Level 1.1 Translocations


You had 4 spell levels left.
You knew the following spells:

 Your Spells              Type           Power        Failure   Level  Hunger
a - Magic Dart            Conj           ##..         6%          1    None
b - Call Imp              Summ           ##......     12%         2    None
c - Blink                 Tloc           N/A          12%         2    None
d - Conjure Flame         Conj/Fire      #.......     24%         3    ##.....


Dungeon Overview and Level Annotations

Branches:
Dungeon (3/15)

Altars:
Makhleb
Qazlal
Sif Muna
Uskayaw

Annotations:
D:3 emsyzz's ghost, amateur DENe


Message History

Your crimson imp hits the ogre.
Casting: Call Imp
Confirm with . or Enter, or press ? or * to list all spells.
Aiming: Magic Dart
Press: ? - help, Shift-Dir - straight line, f/p - emsyzz's ghost
Aim: emsyzz's ghost (moderately damaged)
The magic dart hits emsyzz's ghost.
Emsyzz's ghost is heavily damaged.
Emsyzz's ghost is infused with unholy energy.
Emsyzz's ghost draws life force from you and is healed!
Your white imp gestures at emsyzz's ghost.
The puff of frost hits emsyzz's ghost.
Your crimson imp barely misses the ogre.
Your white imp gestures at emsyzz's ghost.
The puff of frost hits emsyzz's ghost.
The ogre hits your white imp with a giant spiked club!!
Your white imp dies!
Emsyzz's ghost casts a spell at you. Pain shoots through your body!
You die...

##..#.......#
########.........#
.#...###.#...#.5#######
..#..##..###.#.O......#
.#..#...####.#....รท...#
#..#..#......[........#
.#...##....###.W......#
######.##...##..#######
.........#..###.@.#
...<.....#...##.#.########
.........#.#.##.#........#
##########...##.##(......#
######..#.......#
##.........# ###.....<.#
#.......# #.......#


You could see an ogre, emsyzz's ghost and a friendly crimson imp.

Vanquished Creatures
  2 dart slugs (D:2)
  2 leopard geckos (D:1)
  An orc (D:3)
  5 bats
  A giant cockroach (D:2)
  8 goblins
  9 hobgoblins
  4 jackals (D:2)
  3 kobolds
  A quokka (D:2)
  2 frilled lizards (D:2)
  11 rats
49 creatures vanquished.

Vanquished Creatures (collateral kills)
  4 adders
  2 goblins
  3 jackals (D:2)
9 creatures vanquished.

Grand Total: 58 creatures vanquished

Notes
Turn   | Place    | Note
-------+----------+-------------------------------------------
     0 | D:1      | Raymar the High Elf Wizard began the quest for the Orb.
     0 | D:1      | Reached XP level 1. HP: 11/11 MP: 6/6
   267 | D:1      | Reached skill level 4 in Spellcasting
   275 | D:1      | Reached XP level 2. HP: 17/17 MP: 2/8
   279 | D:1      | Learned a level 2 spell: Call Imp
   352 | D:1      | Learned a level 2 spell: Blink
   947 | D:2      | Reached XP level 3. HP: 21/21 MP: 2/10
  1207 | D:2      | Found a stormy altar of Qazlal.
  1242 | D:2      | Reached skill level 1 in Summonings
  1413 | D:2      | Learned a level 3 spell: Conjure Flame
  1560 | D:2      | Found a hide-covered altar of Uskayaw.
  1874 | D:2      | Found a burning altar of Makhleb.
  1874 | D:2      | Found a deep blue altar of Sif Muna.
  1877 | D:2      | Became a worshipper of Sif Muna the Loreminder
  1948 | D:3      | Reached XP level 4. HP: 10/27 MP: 3/11
  2162 | D:3      | Noticed emsyzz's ghost (amateur DENe)
  2241 | D:3      | Noticed an ogre
  2578 | D:3      | Killed from afar by emsyzz's ghost

Skill      XL: |  1  2  3 |
---------------+----------+-----
Spellcasting   | 4 |  4.8
Summonings     | 1 |  1.1
Conjurations   | 2 |  2.0
Dodging        | |  2.9
Stealth        | |  2.6
Translocations | |  1.1

Action                   |  1- 3 |  4- 6 || total
-------------------------+-------+-------++-------
Melee: Unarmed           |     1 |       ||     1
 Cast: Magic Dart        |    97 |    19 ||   116
       Call Imp          |     8 |    13 ||    21
       Conjure Flame     |     1 |       ||     1
       Blink             |       |     1 ||     1
  Use: Scroll            |     7 |       ||     7
       Potion            |     3 |     3 ||     6
 Stab: Sleeping          |     1 |       ||     1
  Eat: Bread ration      |     2 |       ||     2
       Royal jelly       |     1 |       ||     1
       Pizza             |       |     1 ||     1
Armor: Robe              |     2 |     1 ||     3
Dodge: Dodged            |    14 |    33 ||    47
